 Dungeon Crawl Stone Soup version 0.30-a0-586-g23e55c9e0a (webtiles) character file.

Game seed: 1614014271123997864

280252 lesbiats the Wrestler (level 19, -8/193 HPs)
             Began as a Troll Fighter on Jan 4, 2023.
             Was a High Priest of Wu Jian.
             Killed from afar by a deep elf knight (45 damage)
             ... with a shard of ice
             ... on level 2 of the Elven Halls on Jan 10, 2023.
             The game lasted 04:10:02 (37471 turns).

lesbiats the Wrestler (Troll Fighter)              Turns: 37471, Time: 04:10:03

Health: -8/193     AC: 11    Str: 28    XL:     19   Next: 67%
Magic:  22/22      EV:  8    Int:  9    God:    Wu Jian [*****.]
Gold:   302        SH: 20    Dex: 10    Spells: 10/24 levels left

rFire   + . .      SeeInvis .      - Unarmed
rCold   . . .      Faith    .    w - +4 tower shield of Lugonu's Displeasure {Slay+3}
rNeg    + + .      Spirit   .    n - +2 robe {rF+}
rPois   +          Reflect  .    W - +2 hat "Tufiewa" {+Inv}
rElec   .          Harm     .    R - +2 ratskin cloak {*Rats rPois rN+ Str-1 Int-1 Dex+1}
rCorr   .          Rampage  .    (gloves unavailable)
Will    +++..                    (boots unavailable)
Stlth   +                        I - amulet "Pyibret" {+Inv rF- rN+ Will++ Regen+}
HPRegen 2.12/turn                e - ring of protection from fire
MPRegen 0.18/turn                h - ring of wizardry

@: about to teleport, hasted, very quick
A: large, unfitting armour, claws 3, regeneration 1, shaggy fur 1, tough skin 1
}: 2/15 runes: serpentine, barnacled
a: Renounce Religion, Evoke Invisibility, Wall Jump, Serpent's Lash, Heavenly
Storm


You were on level 2 of the Elven Halls.
You worshipped Wu Jian.
Wu Jian was extremely pleased with you.
You visited 7 branches of the dungeon, and saw 33 of its levels.
You also visited: Bailey.

You collected 3188 gold pieces.
You spent 2886 gold pieces at shops.

Inventory:

Missiles
 a - 34 large rocks (quivered)
 b - 3 atropa-tipped darts
 f - 8 javelins
 t - 6 boomerangs of dispersal
 B - 14 poisoned darts
 L - 37 boomerangs
 M - 10 curare-tipped darts
 V - 4 throwing nets
Armour
 n - a +2 robe of fire resistance (worn)
 w - the +4 tower shield of Lugonu's Displeasure (worn) {Slay+3}
   (You found it on level 4 of the Dungeon)

   Slay:      It affects your accuracy & damage with ranged weapons and melee
   (+3).
 N - a +1 troll leather armour
 R - the +2 ratskin cloak (worn) {*Rats rPois rN+ Str-1 Int-1 Dex+1}
   (You found it on level 1 of the Lair of Beasts)

   When the wearer is hurt, rats may emerge from it to assist them.
   Str:       It affects your strength (-1).
   Int:       It affects your intelligence (-1).
   Dex:       It affects your dexterity (+1).
   rPois:     It protects you from poison.
   rN:        It protects you from negative energy.
 W - the +2 hat "Tufiewa" (worn) {+Inv}
   (You found it on level 3 of the Lair of Beasts)

   +Inv:      It lets you turn invisible.
Jewellery
 e - a ring of protection from fire (left claw)
 h - a ring of wizardry (right claw)
 x - a ring of positive energy
 G - a ring of resist corrosion
 I - the amulet "Pyibret" (around neck) {+Inv rF- rN+ Will++ Regen+}
   (You found it on level 4 of the Shoals)

   [amulet of regeneration]

   rF:        It makes you vulnerable to fire.
   rN:        It protects you from negative energy.
   +Inv:      It lets you turn invisible.
   Regen:     It increases your rate of health regeneration.
   Will:      It greatly increases your willpower.
 Y - a ring of protection from cold
Wands
 q - a wand of charming (26)
 r - a wand of polymorph (18)
 F - a wand of acid (31)
 K - a wand of iceblast (14)
 P - a wand of flame (59)
 Q - a wand of mindburst (22)
Scrolls
 c - 11 scrolls of identify
 i - 4 scrolls of magic mapping
 j - 9 scrolls of vulnerability
 k - a scroll of silence
 l - 3 scrolls of summoning
 m - 11 scrolls of teleportation
 o - a scroll of fear
 p - 4 scrolls of poison
 s - 3 scrolls of immolation
 v - 2 scrolls of noise
 A - a scroll of fog
 T - a scroll of blinking
Potions
 d - a potion of haste
 g - 4 potions of cancellation
 z - 2 potions of resistance
 D - 4 potions of brilliance
 E - 5 potions of attraction
 H - a potion of berserk rage
 J - 6 potions of lignification
 O - a potion of ambrosia
 S - 5 potions of flight
 U - 2 potions of might
 X - 2 potions of curing
Miscellaneous
 u - a condenser vane
 y - a lightning rod (4/4)
 C - a condenser vane


   Skills:
 - Level 13.3 Fighting
 - Level 2.4 Dodging
 - Level 13.3 Shields
 - Level 21.1 Unarmed Combat
 - Level 3.3 Spellcasting
 + Level 12.0 Transmutations
 + Level 14.4 Earth Magic


You had 10 spell levels left.
You knew the following spells:

 Your Spells              Type           Power      Damage    Failure   Level
a - Statue Form           Tmut/Erth      16%        N/A       24%         6
b - Blink                 Tloc           2%         N/A       45%         2
c - Apportation           Tloc           2%         N/A       34%         1
d - Lee's Rapid Deconstr  Erth           13%        3d9*      2%          5

Your spell library contained the following spells:

 Spells                   Type           Power      Damage    Failure   Level
 Petrify                  Tmut/Erth      25%        N/A       1%          4
 Leda's Liquefaction      Hex/Erth       7%         N/A       19%         4
 Ice Form                 Ice/Tmut       12%        N/A       30%         4
 Kiss of Death            Conj/Necr      4%         2d5       34%         1
 Necrotise                Necr           4%         1d4       34%         1
 Cigotuvi's Dreadful Rot  Necr/Pois/Air  2%         N/A       45%         2
 Poisonous Vapours        Pois/Air       2%         N/A       45%         2
 Scorch                   Fire           2%         2d5       45%         2
 Searing Ray              Conj           2%         2d4       45%         2
 Alistair's Intoxication  Tmut/Pois      8%         N/A       61%         5
 Confusing Touch          Hex            1%         N/A       69%         3
 Frozen Ramparts          Ice            2%         1d1       69%         3
 Gell's Gravitas          Tloc           1%         N/A       69%         3
 Lesser Beckoning         Tloc           2%         N/A       69%         3
 Mephitic Cloud           Conj/Pois/Air  1%         N/A       69%         3
 Teleport Other           Tloc           1%         N/A       69%         3
 Vampiric Draining        Necr           1%         2d6       69%         3
 Vhi's Electric Charge    Tloc/Air       2%         N/A       69%         3
 Dispel Undead            Necr           1%         3d6       97%         4
 Flame Wave               Conj/Fire      1%         2d4       97%         4
 Manifold Assault         Tloc           1%         N/A       97%         4
 Summon Ice Beast         Ice/Summ       1%         N/A       97%         4
 Agony                    Necr           1%         N/A       100%        5
 Fireball                 Conj/Fire      0%         3d3       100%        5
 Iskenderun's Battlesphe  Conj           1%         2d6       100%        5
 Metabolic Englaciation   Hex/Ice        0%         N/A       100%        5
 Summon Mana Viper        Hex/Summ       1%         N/A       100%        5
 Conjure Ball Lightning   Conj/Air       0%         3x3d6     100%        6
 Summon Cactus Giant      Summ           0%         N/A       100%        6
 Monstrous Menagerie      Summ           0%         N/A       100%        7
 Orb of Destruction       Conj           0%         9d5       100%        7
 Storm Form               Tmut/Air       6%         N/A       100%        7
 Summon Horrible Things   Summ           0%         N/A       100%        8
 Chain Lightning          Conj/Air       0%         2d1       100%        9


Dungeon Overview and Level Annotations

Branches:
Dungeon (15/15)            Temple (0/1) D:5            Lair (5/5) D:8
 Shoals (4/4) Lair:3        Snake (4/4) Lair:3        Slime (0/5) Lair:4
    Orc (2/2) D:9             Elf (2/3) Orc:2        Vaults (0/5) D:13
 Depths (1/4) D:15         Bailey (visited)

Altars:
Dithmenos
Elyvilon
Kikubaaqudgha
Ru
Trog
Wu Jian
The Shining One

Shops:
D:7 *   D:15 (!=   Orc:1 (   Orc:2 !=?*   Elf:1 :=:   Elf:2 *   Snake:1 ?

Annotations:
Shoals:1 3 transporters


Innate Abilities, Weirdness & Mutations

You are too large for most types of armour.
You have claws for hands.
Your natural rate of healing is unusually fast.
You are covered in fur. (AC +1)
You have tough skin. (AC +1)


Message History

You block the +1 vampiric scimitar's attack.
You hear some strange, mumbled words.
A lance of force appears from out of thin air!
The lance of force hits you but does no damage.
You claw the +2 heavy flail!
The +2 heavy flail is heavily damaged.
You block the +2 heavy flail's attack. The +1 vampiric scimitar hits you!
You block something's attack.
You barely miss the +2 heavy flail.
The +2 heavy flail is heavily damaged.
You feel sick.
You block the +1 vampiric scimitar's attack.
You block something's attack. The +2 heavy flail hits you!
The +1 vampiric scimitar hits you!!
You feel yourself speed up.
You feel sick. You block something's attack.
You block the +2 heavy flail's attack. The +1 vampiric scimitar hits you!
Something hits you.
As you read the scroll of teleportation, it crumbles to dust.
You feel strangely unstable.
You feel sick.
You are no longer poisoned.
You block the +1 vampiric scimitar's attack.
You block something's attack. The +2 heavy flail hits you!
* * * LOW HITPOINT WARNING * * *
A river rat scurries out from under your cloak.
You can't see any enemies this would affect, really read the scroll of fear?
Okay, then.
Something hits you!
* * * LOW HITPOINT WARNING * * *
You spin and attack the +1 vampiric scimitar.
You mangle the +1 vampiric scimitar!!
The +1 vampiric scimitar falls from the air.
The Council accepts your kill. Something hits you.
* * * LOW HITPOINT WARNING * * *
You block the +2 heavy flail's attack.
Your Transmutations skill increases to level 12!
You hear some strange, mumbled words.
A shard of ice appears from out of thin air!
The shard of ice hits you!!!
You die...

#..... ..............
#.... ...............
#.... #..............
#.... #.............#
#...# #...........##
#...## ##..........##
#..).###............##
#..({.#..............#
##.r.@)...............
#......##...##...##..
###...####.####.####.
##### ### ### ##
####### ##### #.....#
###...# ##.....##
###...##. #.......#
##...##..#


You could see a +2 heavy flail (ally target) and a friendly river rat.

Vanquished Creatures
  Nikola (Shoals:1)
  Rupert (D:15)
  Asterion (Snake:1)
  A deep elf blademaster (Elf:2)
  Polyphemus (Shoals:3)
  A kraken (Shoals:2)
  Gastronok (Orc:1)
  Agnes (Snake:2)
  Roxanne (Snake:4)
  8 nagarajas
  The ghost of themarg the Martial Artist, an adept GnTm of Nemelex Xobeh (Snake:1)
  2 deep elf sorcerers
  Aizul (Snake:3)
  An ironbound preserver (D:13)
  2 stone giants (D:15)
  4 spark wasps (D:15)
  A deep elf annihilator (Elf:1)
  A deep elf death mage (Elf:2)
  2 merfolk javelineers
  An ettin (D:15)
  A great orb of eyes (D:15)
  8 merfolk impalers
  A rakshasa (D:15)
  2 catoblepae
  A salamander tyrant (Snake:3)
  2 hydras
  10 centaur warriors
  A death knight (D:15)
  16 anacondas
  Erica (D:9)
  27 dancing weapons
  2 alligator snapping turtles (Shoals:4)
  3 two-headed ogres
  3 merfolk aquamancers
  3 merfolk avatars
  7 boulder beetles
  A deep troll shaman (D:15)
  8 death yaks
  3 satyrs
  27 naga warriors
  2 tengu warriors
  10 naga sharpshooters
  Sonja (D:11)
  7 shock serpents
  8 deep elf knights
  Amaemon (D:10)
  3 salamander mystics
  4 deep trolls
  An iron troll (D:15)
  20 sea snakes
  A skeletal warrior (D:15)
  11 naga ritualists
  4 deep elf archers
  A wizard (D:15)
  6 orc knights
  Pikel (D:5)
  22 harpies
  A phantasmal warrior (D:15)
  20 deep elf pyromancers
  11 mana vipers
  19 deep elf zephyrmancers
  16 fauns
  16 manticores
  8 cyclopes
  14 salamanders
  Maurice (D:8)
  23 ugly things
  17 elephants
  8 merfolk sirens
  41 black mambas
  A gargoyle (D:14)
  A torpor snail (Lair:3)
  5 water nymphs
  16 naga magi
  9 guardian serpents
  An ice statue (D:13)
  An orange demon (D:10)
  16 cane toads
  2 kobold demonologists (D:11)
  3 rime drakes
  5 tengu conjurers
  4 yaktaurs (D:12)
  9 komodo dragons
  3 efreet
  A freezing wraith (D:15)
  6 meliai
  27 merfolk
  6 trolls
  3 polar bears
  3 hornets
  Prince Ribbit (D:7)
  16 dream sheep
  14 snapping turtles
  17 blink frogs
  6 wind drakes
  11 slime creatures
  A jumping spider (shapeshifter) (D:14)
  An air elemental (Elf:2)
  2 wraiths
  6 wyverns
  6 basilisks
  15 water elementals
  A vampire (D:10)
  33 yaks
  2 fire elementals (Elf:1)
  Grum (D:9)
  3 steam dragons
  Eustachio (D:6)
  13 vampire mosquitoes
  A warg (Orc:1)
  Edmund (D:6)
  48 nagas
  17 water moccasins
  41 orc warriors
  5 black bears
  2 sky beasts (D:7)
  4 ice beasts
  4 ogres
  6 wolves
  A wolf (shapeshifter) (D:15)
  27 centaurs
  3 kobold brigands
  2 phantoms (D:6)
  19 bullfrogs
  A bullfrog (shapeshifter) (D:13)
  A scorpion (D:6)
  2 necrophages
  2 gnoll sergeants
  5 wights (D:8)
  3 howler monkeys
  3 electric eels
  A jelly (D:4)
  2 hounds (D:5)
  13 orc priests
  5 iguanas (D:5)
  9 hell rats
  14 orc wizards
  18 gnolls
  7 adders
  A white imp (D:5)
  An ufetubus (D:6)
  3 worms
  A dart slug (D:5)
  79 orcs
  7 ball pythons
  6 bats
  6 endoplasms
  2 giant cockroaches
  4 goblins
  6 hobgoblins
  2 jackals (D:1)
  13 kobolds
  A quokka (D:1)
  3 frilled lizards
  5 rats
  A tentacle (Shoals:2)
1138 creatures vanquished.

Vanquished Creatures (collateral kills)
  3 merfolk javelineers (Shoals:4)
  A merfolk impaler (Shoals:4)
  2 hydras (Lair:5)
  2 merfolk aquamancers
  A dancing weapon (Elf:2)
  A two-headed ogre (D:12)
  2 naga warriors
  A sea snake (Snake:4)
  2 harpies (Shoals:4)
  2 elephants (Lair:4)
  2 merfolk
  A blink frog (Lair:2)
  2 yaks
  An acid dragon (D:13)
  An orc warrior (Orc:1)
  A black bear (Lair:2)
  2 electric eels
  An orc priest (Orc:1)
  A hell rat (Lair:2)
29 creatures vanquished.

Vanquished Creatures (others)
  A sea snake (Shoals:1)
  2 harpies (Shoals:1)
  4 fauns (Shoals:1)
  3 merfolk sirens (Shoals:1)
  2 merfolk (Shoals:1)
  2 water elementals (Shoals:1)
  21 fungi
  105 plants
  8 tentacles (Shoals:2)
148 creatures vanquished.

Grand Total: 1315 creatures vanquished

Notes
Turn   | Place    | Note
-------+----------+-------------------------------------------
     0 | D:1      | lesbiats the Troll Fighter began the quest for the Orb.
     0 | D:1      | Reached XP level 1. HP: 22/22 MP: 0/0
   132 | D:1      | Reached XP level 2. HP: 29/29 MP: 1/1
   844 | D:2      | Reached XP level 3. HP: 36/36 MP: 2/2
  1054 | D:2      | Reached skill level 3 in Unarmed Combat
  1399 | D:3      | Reached XP level 4. HP: 44/44 MP: 3/3
  1827 | D:4      | Found an ornate altar of the Wu Jian Council.
  1836 | D:4      | Found a glowing golden altar of the Shining One.
  1838 | D:4      | Became a worshipper of the Wu Jian Council
  1841 | D:4      | Found a sacrificial altar of Ru.
  1841 | D:4      | Found an ancient bone altar of Kikubaaqudgha.
  1848 | D:4      | Found a white marble altar of Elyvilon.
  2127 | D:4      | Found the Hermit's Pendant {Faith Invo=14 Evo=0 MP+5}
  2173 | D:4      | Identified the +4 tower shield of Lugonu's Displeasure
                  | {Slay+3}
  2298 | D:4      | Reached XP level 5. HP: 53/53 MP: 4/4
  2443 | D:5      | Entered Level 5 of the Dungeon
  2450 | D:5      | Reached skill level 4 in Unarmed Combat
  2485 | D:5      | Noticed an ogre
  2672 | D:5      | Reached XP level 6. HP: 57/61 MP: 5/5
  2733 | D:5      | Noticed Pikel
  2744 | D:5      | Killed Pikel
  2745 | D:5      | Reached skill level 5 in Shields
  2745 | D:5      | Reached skill level 5 in Unarmed Combat
  2745 | D:5      | Reached XP level 7. HP: 43/70 MP: 6/6
  2756 | D:5      | Reached skill level 6 in Unarmed Combat
  2808 | D:5      | Reached * piety under Wu Jian
  2955 | D:5      | Found a bloodstained altar of Trog.
  3012 | D:5      | Found a staircase to the Ecumenical Temple.
  3090 | D:6      | Noticed Eustachio
  3100 | D:5      | Reached XP level 8. HP: 78/78 MP: 7/7
  3153 | D:6      | Noticed a hornet
  3162 | D:6      | Killed a hornet
  3185 | D:6      | Reached skill level 7 in Unarmed Combat
  3208 | D:6      | Killed Eustachio
  3272 | D:6      | Learned a level 6 spell: Statue Form
  3352 | D:6      | Reached skill level 5 in Fighting
  3488 | D:6      | Reached ** piety under Wu Jian
  3489 | D:6      | Reached XP level 9. HP: 81/88 MP: 8/8
  3570 | D:6      | Noticed Edmund
  3580 | D:6      | Killed Edmund
  3693 | D:6      | Reached skill level 8 in Unarmed Combat
  4044 | D:7      | Found Wigg's Overcharged Wands.
  4167 | D:7      | Noticed Prince Ribbit
  4186 | D:7      | Reached skill level 9 in Unarmed Combat
  4189 | D:7      | Killed Prince Ribbit
  4618 | D:7      | Reached XP level 10. HP: 91/98 MP: 9/9
  4734 | D:8      | Noticed a two-headed ogre
  4749 | D:8      | Killed a two-headed ogre
  4792 | D:8      | Noticed a centaur warrior
  4820 | D:8      | Killed a centaur warrior
  4821 | D:8      | Reached skill level 10 in Unarmed Combat
  4834 | D:8      | Reached *** piety under Wu Jian
  4967 | D:8      | Identified the +3 leather armour of Ograhuga {-Tele rC+++
                  | rCorr}
  5069 | D:8      | Noticed a two-headed ogre
  5078 | D:8      | Killed a two-headed ogre
  5079 | D:8      | Reached skill level 10 in Shields
  5117 | D:8      | Reached skill level 11 in Unarmed Combat
  5117 | D:8      | Found a staircase to the Lair.
  5140 | D:8      | Noticed Maurice
  5182 | D:8      | Reached XP level 11. HP: 107/107 MP: 8/10
  5228 | D:8      | Killed Maurice
  5761 | Lair:1   | Entered Level 1 of the Lair of Beasts
  6172 | Lair:1   | Found the +2 ratskin cloak {*Rats rPois rN+ Str-1 Int-1
                  | Dex+1}
  6272 | Lair:1   | Reached **** piety under Wu Jian
  6273 | Lair:1   | Reached skill level 12 in Unarmed Combat
  6502 | Lair:2   | Noticed a five-headed hydra
  6589 | Lair:2   | Killed a one-headed hydra
  6982 | Lair:2   | Reached XP level 12. HP: 118/119 MP: 9/11
  7484 | Lair:3   | Reached skill level 13 in Unarmed Combat
  7513 | Lair:3   | Found a staircase to the Snake Pit.
  7518 | Lair:3   | You fall into a shaft and drop 1 floor!
  7579 | Lair:4   | Found a staircase to the Slime Pits.
  7746 | Lair:3   | Noticed a death yak
  7746 | Lair:3   | Noticed a death yak
  7747 | Lair:3   | Noticed a death yak
  7747 | Lair:3   | Noticed a death yak
  7773 | Lair:3   | Killed a death yak
  7778 | Lair:3   | Killed a death yak
  7780 | Lair:3   | Killed a death yak
  8098 | Lair:3   | Noticed a death yak
  8110 | Lair:3   | Killed a death yak
  8158 | Lair:3   | Identified the +2 hat "Tufiewa" {+Inv}
  8390 | Lair:3   | Found a staircase to the Shoals.
  8556 | Lair:4   | Reached skill level 14 in Unarmed Combat
  8598 | Lair:4   | Reached ***** piety under Wu Jian
  8832 | Lair:4   | Found the +8 demon blade "Leech" {vamp, Harm Drain rN+}
  9091 | Lair:4   | Noticed a boulder beetle
  9097 | Lair:4   | Killed a boulder beetle
  9401 | Lair:5   | Entered Level 5 of the Lair of Beasts
  9401 | Lair:5   | Noticed a seven-headed hydra
  9412 | Lair:4   | Reached XP level 13. HP: 120/130 MP: 12/12
  9765 | Lair:5   | Reached skill level 15 in Unarmed Combat
  9851 | Lair:5   | Reached skill level 1 in Spellcasting
 10447 | Lair:5   | Reached skill level 10 in Fighting
 10545 | Lair:5   | Reached skill level 16 in Unarmed Combat
 11091 | D:9      | Noticed Grum
 11099 | D:9      | Reached XP level 14. HP: 143/143 MP: 15/17
 11102 | D:9      | Killed Grum
 11117 | D:9      | Found a staircase to the Orcish Mines.
 11120 | D:9      | Reached ****** piety under Wu Jian
 11122 | D:9      | Noticed Erica
 11142 | D:9      | Killed Erica
 11180 | D:9      | Found a flagged portal.
 11189 | Bailey   | Entered a bailey
 11976 | D:9      | Found a shadowy altar of Dithmenos.
 12192 | Orc:1    | Entered Level 1 of the Orcish Mines
 12437 | Orc:2    | Entered Level 2 of the Orcish Mines
 12712 | Orc:2    | Found a staircase to the Elven Halls.
 12981 | Orc:2    | Found Vuqyfodu's Magic Scroll Emporium.
 12981 | Orc:2    | Found Arhess's Jewellery Boutique.
 12983 | Orc:2    | Found Zocimeh's Distillery.
 12985 | Orc:2    | Found Wommiophan's Assorted Antiques.
 12996 | Orc:2    | Bought a potion of flight for 48 gold pieces
 12996 | Orc:2    | Bought a potion of curing for 48 gold pieces
 12996 | Orc:2    | Bought a potion of resistance for 160 gold pieces
 12996 | Orc:2    | Bought 2 potions of haste for 320 gold pieces
 12996 | Orc:2    | Bought a potion of curing for 48 gold pieces
 12999 | Orc:2    | Bought a scroll of identify for 34 gold pieces
 12999 | Orc:2    | Bought a scroll of identify for 34 gold pieces
 12999 | Orc:2    | Bought a scroll of identify for 34 gold pieces
 12999 | Orc:2    | Bought a scroll of identify for 34 gold pieces
 13003 | Orc:2    | Bought a scroll of poison for 68 gold pieces
 13003 | Orc:2    | Bought a scroll of identify for 34 gold pieces
 13003 | Orc:2    | Bought a scroll of identify for 34 gold pieces
 13007 | Orc:2    | Bought a potion of heal wounds for 175 gold pieces
 13007 | Orc:2    | Bought a dented fluorescent amulet for 175 gold pieces
 13112 | Orc:1    | Found Gemut's Weapon Shoppe.
 13222 | Orc:1    | Noticed Gastronok
 13239 | Orc:1    | Killed Gastronok
 13470 | Orc:1    | Bought 4 atropa-tipped darts for 40 gold pieces
 13508 | Orc:2    | Bought a ring of resist corrosion for 260 gold pieces
 13645 | Lair:3   | Reached skill level 17 in Unarmed Combat
 13805 | D:10     | Entered Level 10 of the Dungeon
 14145 | D:10     | Noticed Amaemon
 14156 | D:10     | Killed Amaemon
 14776 | D:11     | Noticed Sonja
 14793 | D:11     | Killed Sonja
 15510 | D:12     | Reached skill level 18 in Unarmed Combat
 16005 | D:13     | Reached XP level 15. HP: 154/154 MP: 18/18
 16183 | D:13     | Found a gate to the Vaults.
 16828 | D:14     | Identified the +10 dagger of Agony {heavy, rF+ rC+ Stlth+}
 16853 | D:14     | You fall into a shaft and drop 1 floor!
 16853 | D:15     | Entered Level 15 of the Dungeon
 16930 | D:15     | Found Sommygol's Distillery.
 16934 | D:15     | Found Vufant's Jewellery Emporium.
 16969 | D:15     | Bought a potion of resistance for 140 gold pieces
 16969 | D:15     | Bought a potion of curing for 42 gold pieces
 16969 | D:15     | Bought a potion of heal wounds for 70 gold pieces
 17105 | D:14     | Reached skill level 19 in Unarmed Combat
 18696 | D:15     | Noticed Rupert
 18719 | D:15     | Killed Rupert
 18940 | D:15     | Found Gour's Weapon Shop.
 19006 | D:15     | Found a staircase to the Depths.
 19918 | Snake:1  | Entered Level 1 of the Snake Pit
 19918 | Snake:1  | Noticed Asterion
 20003 | Snake:1  | Killed Asterion
 20004 | Snake:1  | Reached skill level 20 in Unarmed Combat
 20014 | Snake:1  | Reached skill level 1 in Earth Magic
 20022 | Snake:1  | Found Buklomeg's Magic Scroll Shoppe.
 20040 | Snake:1  | Reached skill level 1 in Transmutations
 20053 | Snake:1  | Reached XP level 16. HP: 151/167 MP: 19/19
 20156 | Snake:1  | Bought a scroll of blinking for 97 gold pieces
 20284 | Snake:1  | Noticed themarg's ghost (adept GnTm)
 20285 | Snake:1  | Found a transporter.
 20309 | Snake:1  | Found a transporter.
 20767 | D:15     | Bought an amulet of reflection for 510 gold pieces
 21062 | Snake:1  | Killed themarg's ghost
 22120 | Snake:3  | Noticed Agnes
 22147 | Snake:2  | Killed Agnes
 22628 | Snake:3  | Reached skill level 5 in Earth Magic
 22950 | Snake:3  | Reached skill level 21 in Unarmed Combat
 23266 | Snake:3  | Reached XP level 17. HP: 169/178 MP: 20/20
 23314 | Snake:3  | Reached skill level 5 in Transmutations
 23752 | Shoals:1 | Entered Level 1 of the Shoals
 23757 | Shoals:1 | Noticed Nikola
 25700 | Shoals:1 | Killed Nikola
 25745 | Shoals:1 | Found a transporter.
 25747 | Shoals:1 | Found a transporter.
 25789 | Shoals:1 | Found a transporter.
 25838 | Shoals:1 | Found a transporter.
 25841 | Shoals:1 | Found a transporter.
 25847 | Shoals:1 | Got the Cyclopedia of the Sturgeon
 26062 | Shoals:1 | Found a transporter.
 26720 | Shoals:2 | Noticed a kraken
 26777 | Shoals:2 | Killed a kraken
 27295 | Shoals:3 | Noticed Polyphemus
 27464 | Shoals:3 | Killed Polyphemus
 28273 | Lair:1   | Learned a level 2 spell: Blink
 28275 | Lair:1   | Learned a level 1 spell: Apportation
 28281 | Lair:1   | Learned a level 5 spell: Lee's Rapid Deconstruction
 28512 | Snake:4  | Entered Level 4 of the Snake Pit
 28762 | Snake:4  | Reached skill level 10 in Earth Magic
 28870 | Snake:4  | Reached XP level 18. HP: 165/185 MP: 21/21
 29246 | Snake:4  | Noticed Roxanne
 29612 | Snake:4  | Killed Roxanne
 30031 | Snake:4  | Noticed Aizul
 30042 | Snake:3  | Killed Aizul
 30888 | Snake:4  | Got a serpentine rune of Zot
 31227 | Depths:1 | Entered Level 1 of the Depths
 31727 | D:15     | Bought a potion of haste for 140 gold pieces
 31727 | D:15     | Bought a potion of might for 56 gold pieces
 31996 | Shoals:4 | Entered Level 4 of the Shoals
 32217 | Shoals:4 | Reached skill level 10 in Transmutations
 33241 | Shoals:4 | Identified the amulet "Pyibret" {+Inv rF- rN+ Will++
                  | Regen+}
 33482 | Shoals:4 | Reached XP level 19. HP: 186/193 MP: 22/22
 33750 | Shoals:4 | Got a barnacled rune of Zot
 33988 | Elf:1    | Entered Level 1 of the Elven Halls
 35089 | Elf:1    | Found Isoemyto's Book Shop.
 35090 | Elf:1    | Found Pyegyeli's Jewellery Shoppe.
 35114 | Elf:1    | Found Waippet's Book Shop.
 35674 | Elf:1    | Got Nerum's Cyclopedia of Bombardment
 36266 | Elf:2    | Found a runed translucent gate.
 36266 | Elf:2    | Found a runed translucent gate.
 36283 | Elf:2    | Found a runed translucent gate.
 36571 | Elf:2    | Found Imowebun's Assorted Antiques.
 36579 | Elf:2    | Bought a scroll of blinking for 285 gold pieces
 36835 | Elf:2    | Paralysed by an air elemental for 1 turns
 36841 | Elf:2    | Paralysed by an air elemental for 1 turns
 36845 | Elf:2    | Paralysed by an air elemental for 1 turns
 37471 | Elf:2    | Killed from afar by a deep elf knight

Illustrated notes

Levels and vault maps discovered:
D:1:      dpeg_arrival_tiny_c, layout_loops_cross
D:2:      layout_rooms
D:3:      layout_basic
D:4:      layout_loops_cross, nicolae_overflow_hallway_of_the_gods,
          dk_noncrumbling_2, st_stairs_14, minmay_hedge_maze
D:5:      layout_rooms, trog_three_pillars_becter, minmay_temple_entry_poolview,
          hangedman_decor_opposing, roderic_roman_lattice, uniq_pikel
D:6:      layout_basic, uniq_edmund, uniq_eustachio
D:7:      layout_basic, nicolae_shop_overcharged_wands, uniq_prince_ribbit1
D:8:      hangedman_cross_stitches, layout_basic,
          grunt_lair_entry_orc_guard_hut, serial_curves, eino_curves_04,
          eino_curves_04, uniq_maurice
D:9:      layout_irregular_city, general_overflow_altar, david_orc_5,
          enter_bailey_8, uniq_grum, uniq_erica
D:10:     layout_gridville, chequers_garden, minivault_19, uniq_amaemon
D:11:     layout_rooms, uniq_sonja
D:12:     layout_rooms, serial_glass, glass_columns_b, glass_columns_b
D:13:     lemuel_ice_statue, layout_basic, skrybe_vaults_entry_preservation
D:14:     layout_basic, serial_park_tiny_2
D:15:     gammafunk_enter_depths_forms, layout_gridville, serial_shops,
          nicolae_shop_crystal, nicolae_shop_waterfront,
          nicolae_shop_advertising_works [nicolae_subvault_shop_adworks],
          minmay_misc_feat_tiny, uniq_rupert
Lair:1:   layout_roguey
Lair:2:   layout_roguey, grunt_forest_large_clearing_hut, serial_bayou_shore_a,
          grunt_megastairs_3
Lair:3:   layout_regular_city, minmay_shoals_entry_hut, dummy_snake_entry,
          hangedman_lair_generics_rect, grunt_megastairs_4
Lair:4:   layout_hall_layers, slime_entry_1, nicolae_quartered_pool_super,
          grunt_megastairs_1
Lair:5:   gammafunk_lair_ancient_temple, layout_regular_city
Shoals:1: layout_shoals, serial_nicolae_subway, nicolae_sub_station_metal,
          nicolae_sub_station_stone, nicolae_sub_station_crystal, uniq_nikola
Shoals:2: layout_shoals
Shoals:3: layout_shoals, uniq_polyphemus
Shoals:4: shoals_end_simple, layout_shoals, nicolae_shoals_dead_sea_scrolls
Snake:1:  layout_cave_shapes, gammafunk_ghost_arena, serial_shops, shop,
          nicolae_snake_omega, uniq_asterion
Snake:2:  layout_onion, guppyfry_snake_island, serial_bayou_shore_b,
          grunt_megastairs_2, serial_bayou_shore_b
Snake:3:  layout_gridlike, nicolae_integral_box, uniq_agnes
Snake:4:  grunt_snake_rune_pools, layout_rooms, uniq_aizul, uniq_roxanne
Orc:1:    layout_caves, serial_shops,
          nicolae_shop_temple_entry_statues_fountains, uniq_gastronok
Orc:2:    st_orc_rangers, layout_caves
Elf:1:    eino_elf_arrival_customs, layout_loops_corners,
          minmay_elf_annihilation, minmay_shop_grove
Elf:2:    elven_hall_of_blades_hangedman_original
          [nicolae_blade_entry_antechamber], layout_geoelf_octagon,
          serial_shops, nicolae_shop_stone, minivault_19,
          serial_sigils_hangedman_shear
Depths:1: hangedman_elemental_death_ray, layout_cave_pools,
          pdpol_wu_jian_five_deadly_venoms, hell_entry, drop_trap,
          nzn_random_ring

Skill      XL: |  1  2  3  4  5  6  7  8  9 10 11 12 13 14 15 16 17 18 19 |
---------------+----------------------------------------------------------+-----
Shields        | 3 4 5 7 8 10 11 13 | 13.3
Unarmed Combat | 3 4 5 6 7 9 11 12 14 16 18 20 21 | 21.1
Fighting       | 3 4 5 6 7 8 10 11 12 13 | 13.3
Spellcasting   | 2 3 |  3.3
Earth Magic    | 1 5 10 12 14 | 14.4
Transmutations | 1 4 8 10 12 | 12.0
Dodging        | |  2.4

Action                   |  1- 3 |  4- 6 |  7- 9 | 10-12 | 13-15 | 16-18 | 19-21 || total
-------------------------+-------+-------+-------+-------+-------+-------+-------++-------
Melee: Unarmed           |    94 |    82 |   265 |   486 |  1096 |  1434 |   298 ||  3755
       War axe           |       |       |       |     4 |    17 |       |       ||    21
Throw: Dart              |       |       |       |     8 |    14 |    11 |       ||    33
       Throwing net      |       |       |       |     1 |     1 |       |       ||     2
       Boomerang         |       |       |       |       |     2 |     3 |       ||     5
       Large rock        |       |       |       |       |    40 |    63 |    10 ||   113
 Cast: Lee's Rapid Decon |       |       |       |       |       |     8 |       ||     8
Invok: Lunge             |       |     4 |    17 |    37 |   124 |   151 |    28 ||   361
       Whirlwind         |       |       |    15 |   114 |   355 |   317 |    33 ||   834
       Heavenly Storm    |       |       |       |       |     3 |     6 |     1 ||    10
Evoke: Wand              |       |       |       |       |    10 |    10 |       ||    20
       Condenser vane    |       |       |       |       |       |     1 |       ||     1
  Use: Scroll            |       |     8 |     1 |     5 |    21 |    21 |     6 ||    62
       Potion            |       |       |     1 |     3 |    14 |    36 |     6 ||    60
 Stab: Sleeping          |     1 |     1 |       |       |       |       |       ||     2
       Invisible         |       |       |       |       |     1 |     2 |       ||     3
       Distracted        |       |       |       |       |       |     4 |     1 ||     5
Armor: Robe              |    36 |     5 |    25 |     9 |       |       |    25 ||   100
       Troll leather arm |       |       |       |    60 |   170 |   180 |     5 ||   415
       Skin              |       |       |       |     3 |       |     3 |       ||     6
Dodge: Dodged            |    33 |    33 |    59 |   113 |   256 |   337 |    37 ||   868
Block: Kite shield       |    25 |     8 |       |       |       |       |       ||    33
       Tower shield      |       |    47 |   187 |   380 |   871 |  1616 |   207 ||  3308
       Reflection        |       |       |       |       |       |   221 |     5 ||   226

Table legend: (Time is in decaauts)
 A = Elapsed time spent in this place.
 B = Non-inter-level travel time spent in this place.
 C = Inter-level travel time spent in this place.
 D = Time resting spent in this place.
 E = Time spent auto-exploring this place.
 F = Levels seen in this place.
 G = Mean time per level.
                   A        B        C        D        E       F      G
               +--------+--------+--------+--------+--------+-----+--------+
         Total |  37417 |  28232 |   9185 |   5426 |  12256 |  34 | 1100.5 |
       Dungeon |  13840 |  10780 |   3060 |    812 |   6269 |  15 |  922.7 |
          Lair |   8259 |   6770 |   1489 |   2199 |   2635 |   5 | 1651.8 |
        Shoals |   4538 |   3490 |   1048 |    702 |   1164 |   4 | 1134.5 |
     Snake Pit |   5709 |   4282 |   1427 |   1226 |   1437 |   4 | 1427.2 |
  Orcish Mines |   1681 |   1108 |    573 |    114 |    615 |   2 |  840.5 |
   Elven Halls |   3164 |   1578 |   1586 |    372 |     96 |   2 | 1582.0 |
        Depths |     37 |     37 |      0 |      0 |      0 |   1 |   37.0 |
        Bailey |    186 |    186 |      0 |      0 |     40 |   1 |  186.0 |
               +--------+--------+--------+--------+--------+-----+--------+

Top non-repeatable levels by time:
  Lair:3: 3342 daAuts
 Snake:3: 2070 daAuts
   Elf:1: 1942 daAuts
    D:15: 1779 daAuts
 Snake:4: 1725 daAuts
Shoals:4: 1591 daAuts
     D:8: 1429 daAuts
  Lair:5: 1416 daAuts
  Lair:2: 1274 daAuts
    D:13: 1230 daAuts
   Elf:2: 1221 daAuts
 Snake:2: 1198 daAuts
     D:9: 1184 daAuts
    D:14: 1137 daAuts
  Lair:4: 1121 daAuts
